 Dungeon Crawl Stone Soup version 0.14-a0-3520-g290746a (webtiles) character file.

27146 KaKa the Archer (level 12, 0/72 HPs)
             Began as a Demonspawn Hunter on Mar 24, 2014.
             Was the Champion of Makhleb.
             Engulfed by a blizzard demon's freezing vapour (13 damage)
             ... summoned by the player character
             ... on Level 3 of the Lair of Beasts on Mar 27, 2014.
             The game lasted 03:04:30 (20356 turns).

KaKa the Archer (Demonspawn Hunter)                Turns: 20356, Time: 03:04:31

HP   0/72        AC 16     Str 15      XL: 12   Next: 98%
MP  28/28        EV 13     Int 15      God: Makhleb [******]
Gold 727         SH  0     Dex 14      Spells:  3 memorised, 16 levels left

rFire  + . .     SeeInvis .     a - +2,+4 bow (velocity)
rCold  . . .     Clarity  .     n - +1 leather armour {rN+}
rNeg   + . .     Conserve .     (no shield)
rPois  .         rCorr    .     (no helmet)
rElec  .         rRot     .     B - +2 cloak
SustAb . .       Spirit   .     (gloves unavailable)
rMut   .         Warding  .     (no boots)
Saprov . . .     Stasis   .     (no amulet)
MR     .....                    M - +3 ring of protection
                                j - +2 ring of dexterity

@: lethally poisoned, not resistant to hostile enchantments, quite stealthy
A: claws 3, iridescent scales 2, clumsy 1, demonic guardian 1, deterioration 1,
dopey 1, fire resistance 1, frail 1, nightstalker 1, strong 1
a: Minor Destruction, Lesser Servant of Makhleb, Major Destruction, Greater
Servant of Makhleb, Renounce Religion


You were on level 3 of the Lair of Beasts.
You worshipped Makhleb.
Makhleb was exalted by your worship.
You were hungry.

You visited 3 branches of the dungeon, and saw 17 of its levels.
You also visited: Ice Cave.

You collected 988 gold pieces.
You spent 261 gold pieces at shops.

Inventory:

Hand weapons
 a - a +2,+4 bow of velocity (weapon)
 b - the +4,+8 battleaxe "Plog" {flame, rF+ rC++}
   (You found it on level 9 of the Dungeon)

   It emits flame when wielded, causing extra injury to most foes and up to
   double damage against particularly susceptible opponents.
   Big, fiery blades are also staple armaments of hydra-hunters.
   It protects you from fire.
   It greatly protects you from cold.
 w - a +2,+2 bow
Missiles
 r - 110 arrows (quivered)
 v - 22 arrows of frost
 y - 13 poisoned arrows
Armour
 n - a +1 leather armour of positive energy (worn)
 B - a +2 cloak (worn)
Magical devices
 g - a wand of teleportation (5)
 p - a wand of cold (0)
 x - a wand of fire (0)
 E - a wand of frost (3)
 F - a wand of cold (9)
 G - a wand of magic darts (12)
 N - a wand of digging (8)
 T - a wand of fireball (2)
Comestibles
 f - 8 bread rations
 h - a meat ration
 i - an apple
 l - a honeycomb
 u - 4 chokos
 z - 3 apricots
 K - 7 strawberries
 O - a pear
 U - a rotting chunk of jackal flesh
 V - a chunk of hound flesh
Scrolls
 e - a scroll of fear
 o - 2 scrolls of fog
 q - 2 scrolls of magic mapping
 A - 2 scrolls of enchant weapon II
 D - 3 scrolls of amnesia
 H - a scroll of teleportation
 I - 2 scrolls of remove curse
 R - a scroll of summoning
 S - a scroll of enchant armour
Jewellery
 j - a +2 ring of dexterity (left claw)
 k - an uncursed amulet of resist mutation
 L - a cursed -3 ring of dexterity
 M - a +3 ring of protection (right claw)
 Q - an uncursed ring of sustenance
Potions
 m - 2 potions of restore abilities
 s - 2 potions of agility
 t - 2 potions of curing
Books
 P - a book of the Sky

   Spells                             Type                      Level
   Flight                             Charms/Air                   3
   Airstrike                          Air                          4
   Silence                            Hexes/Air                    5
   Deflect Missiles                   Charms/Air                   6
   Conjure Ball Lightning             Conjuration/Air              6
   Tornado                            Air                          9
Magical staves
 c - an uncursed staff of conjuration
 d - an uncursed staff of air
 C - an uncursed staff of poison
Miscellaneous
 J - a plain deck of changes {drawn: 1}


   Skills:
 + Level 2.4 Fighting
 * Level 14.3 Bows
 - Level 5.1 Dodging
 - Level 5.1 Stealth
 - Level 1.2 Unarmed Combat
 - Level 4.8 Spellcasting
 - Level 5.8 Conjurations
 - Level 3.6 Summonings
 - Level 12.7 Invocations
 + Level 1.2 Evocations


You had 16 spell levels left.
You knew the following spells:

 Your Spells              Type           Power        Failure   Level  Hunger
a - Summon Butterflies    Summ           ##......     4%          1    None
b - Shock                 Conj/Air       ##..         6%          1    None
c - Searing Ray           Conj           ###...       1%          2    ##.....


Dungeon Overview and Level Annotations

Branches:
Dungeon (13/15)            Temple (1/1) D:6             Orc (0/4) D:10
   Lair (3/8) D:10
  Swamp: Lair:3-6    Shoals: Lair:3-6     Snake: Lair:3-6    Spider: Lair:3-6
 Vaults: D:13-14

Altars:
Ashenzari
Dithmenos
Elyvilon
Fedhas
Kikubaaqudgha
Makhleb
Nemelex Xobeh
Okawaru
Sif Muna
Trog
Vehumet
Xom
Yredelemnul
Zin

Shops:
D:13 (

Annotations:
D:8 exclusion: oklob plant
D:10 Fannar, Gastronok
Temple Stash1
Lair:3 Erica


Innate Abilities, Weirdness & Mutations

You have claws for hands.
You are mostly covered in iridescent scales (AC +6).
A weak demonic guardian rushes to your aid.
You are slightly more attuned to the shadows.
You are clumsy. (Dex -2)
Your body is slowly deteriorating.
You are dopey. (Int -2)
Your flesh is heat resistant.
You are frail (-10% HP).
Your muscles are strong. (Str +2)


Message History

Your ufetubus hits the blizzard demon.
Your ufetubus barely misses the blizzard demon.
The blizzard demon gestures at you. The bolt of lightning misses you.
You feel sick.
Your ufetubus barely misses the blizzard demon.
Your ufetubus hits the blizzard demon but does no damage.
You feel sick.
Your ufetubus barely misses the blizzard demon.
Your ufetubus closely misses the blizzard demon.
You feel sick.
You feel sick.
Your ufetubus barely misses the blizzard demon. x2
The blizzard demon gestures at you. The freezing blast hits you!
* * * LOW HITPOINT WARNING * * *
Your ufetubus hits the blizzard demon.
Your ufetubus hits the blizzard demon but does no damage.
You are engulfed in freezing vapours.
You die...

##.P#####
#..##....P#.### .
#.......@......# #.##
........5.....# ...##
........2.##+.##.....
...##.....#§........P
... #...##§§§.......#
#...#§§§§§.......+
#....##@##......#
#...###+#...#.#..#
#..##....#####... .+.
#..........+
#..........#
#.....#.#P....
#.....#.####.
##...##....#
#.........## +#


You could see a friendly ufetubus.

Vanquished Creatures
  Josephine (D:13)
  4 hill giants
  An unseen horror (D:11)
  Pikel (D:8)
  A cyclops (D:12)
  Maurice (D:10)
  A gargoyle (D:9)
  Psyche (D:10)
  4 spiny frogs
  A blue devil (IceCv)
  A troll (D:10)
  A wolf spider simulacrum (D:12)
  6 komodo dragons
  3 blink frogs (Lair:1)
  A two-headed ogre (D:9)
  A spriggan (D:12)
  3 sharks
  3 water elementals (D:12)
  2 deep elf magi (D:12)
  2 hill giant zombies (D:10)
  2 hungry ghosts
  Eustachio (D:5)
  12 yaks
  2 ugly things (D:13)
  A warg (D:11)
  9 hippogriffs
  A deep elf fighter (D:12)
  A tengu zombie (D:13)
  Edmund (D:4)
  A porcupine (Lair:1)
  7 wolves
  5 water moccasins
  9 orc warriors
  7 sky beasts
  A necrophage (D:12)
  9 ice beasts
  8 giant goldfish
  3 phantoms
  3 centaurs
  4 ogres
  3 crocodiles
  A manticore skeleton (D:11)
  A hill giant simulacrum (D:12)
  A giant slug (Lair:1)
  2 big kobolds (D:12)
  6 giant frogs
  A cyclops skeleton (D:13)
  6 electric eels
  4 killer bees (D:9)
  2 scorpions
  3 troll zombies
  A troll skeleton (D:7)
  A yak zombie (D:8)
  2 goliath beetles
  4 crimson imps
  A two-headed ogre zombie (D:11)
  A yellow wasp zombie (D:6)
  A giant frog zombie (D:12)
  4 big fish
  8 jellies
  5 hounds
  A giant frog skeleton (D:8)
  A giant slug simulacrum (D:12)
  12 orc priests
  7 iguanas
  12 orc wizards
  9 worker ants
  Natasha (twice) (D:4)
  A killer bee zombie (D:8)
  2 giant frog simulacra
  2 ogre zombies (D:10)
  A sky beast zombie (D:5)
  Ijyb (D:5)
  Jessica (D:2)
  An ogre skeleton (D:11)
  2 mummies
  A shadow imp (D:9)
  21 adders
  44 green rats
  2 white imps (D:12)
  2 giant mites
  A goliath beetle zombie (D:9)
  2 ufetubi (D:12)
  5 worms
  2 giant eyeballs
  10 giant geckos
  An ooze (D:1)
  38 orcs
  A bat zombie (D:3)
  7 hobgoblins
  14 jackals
  A ball python (D:5)
  12 bats
  5 giant cockroaches
  8 giant newts
  4 giant spores
  17 goblins
  A goblin skeleton (D:10)
  A goblin zombie (D:10)
  2 hobgoblin skeletons
  3 hobgoblin zombies
  33 kobolds
  4 orc skeletons
  10 orc zombies (D:10)
  14 quokkas
  26 rats
  10 ballistomycetes
  3 fungi
  A plant (Lair:2)
545 creatures vanquished.

Vanquished Creatures (collateral kills)
  A hill giant (D:10)
  An unseen horror (D:13)
  An octopode (D:12)
  A spiny frog (Lair:1)
  2 polar bears (D:12)
  A blue devil (D:12)
  The ghost of Vidiiot the Cutter, an average LOAs (D:7)
  A shark (D:12)
  A yak (D:12)
  3 ugly things (D:13)
  A hippogriff (D:12)
  A warg (D:10)
  Menkaure (D:7)
  A wolf (D:12)
  7 ice beasts
  A black bear (D:11)
  2 giant goldfish (D:12)
  A manticore skeleton (D:13)
  4 centaurs (D:12)
  A hill giant simulacrum (D:12)
  A human simulacrum (D:12)
  5 wights (D:13)
  A quasit (D:13)
  2 jellies (D:11)
  A big fish (D:12)
  A worker ant (D:12)
  A killer bee zombie (D:8)
  2 adders
  An orc skeleton (D:12)
  Natasha (D:4)
  2 hobgoblin zombies (D:10)
  3 orc zombies (D:10)
  A quokka (D:5)
55 creatures vanquished.

Vanquished Creatures (others)
  5 smoke demons
  2 orange demons (D:10)
  3 hellwings
  A ynoxinul (D:13)
  3 neqoxecs
  A slave (D:8)
  The ghost of ciphuk the Gusty, an average HEAE (D:3)
  A scorpion (D:6)
  19 crimson imps
  26 iron imps
  19 quasits
  28 white imps
  21 ufetubi
130 creatures vanquished.

Grand Total: 730 creatures vanquished

Notes
Turn   | Place    | Note
--------------------------------------------------------------
     0 | D:1      | KaKa, the Demonspawn Hunter, began the quest for the Orb.
     0 | D:1      | Reached XP level 1. HP: 15/15 MP: 1/1
   181 | D:1      | Reached skill level 4 in Bows
   336 | D:1      | Gained mutation: You are partially covered in iridescent scales (AC +4). [demonic ancestry]
   336 | D:1      | Reached XP level 2. HP: 15/21 MP: 2/2
   576 | D:1      | Reached XP level 3. HP: 21/26 MP: 3/3
  1226 | D:2      | Noticed Jessica
  1229 | D:2      | Killed Jessica
  1229 | D:2      | Reached skill level 5 in Bows
  1229 | D:2      | Gained mutation: A weak demonic guardian rushes to your aid. [demonic ancestry]
  1229 | D:2      | Reached XP level 4. HP: 32/32 MP: 4/4
  1889 | D:3      | Noticed ciphuk's ghost (average HEAE)
  1901 | D:3      | Killed ciphuk's ghost
  1901 | D:3      | Gained mutation: You are mostly covered in iridescent scales (AC +6). [demonic ancestry]
  1901 | D:3      | Reached XP level 5. HP: 33/37 MP: 5/5
  1954 | D:3      | Reached skill level 6 in Bows
  2638 | D:3      | Found a deep blue altar of Sif Muna.
  2811 | D:4      | Noticed Natasha
  2816 | D:4      | Killed Natasha
  2826 | D:4      | Reached XP level 6. HP: 43/43 MP: 6/6
  2871 | D:4      | Noticed an ogre
  2881 | D:4      | Killed an ogre
  2881 | D:4      | Reached skill level 7 in Bows
  2979 | D:4      | Noticed Natasha
  2983 | D:4      | Killed Natasha
  3160 | D:4      | Noticed Edmund
  3173 | D:4      | Noticed Natasha
  3182 | D:4      | Killed Natasha
  3235 | D:4      | Killed Edmund
  3235 | D:4      | Reached XP level 7. HP: 42/48 MP: 7/7
  3397 | D:4      | Noticed a phantom
  3410 | D:4      | Killed a phantom
  3410 | D:4      | Reached skill level 8 in Bows
  3714 | D:5      | Entered Level 5 of the Dungeon
  3876 | D:5      | Identified Weybede's Almanac of Aerial Attacks (You found it on level 5 of the Dungeon)
  3933 | D:5      | Reached skill level 9 in Bows
  3937 | D:5      | Noticed Eustachio
  3946 | D:5      | Killed Eustachio
  3946 | D:5      | Gained mutation: You have sharp fingernails. [demonic ancestry]
  3946 | D:5      | Reached XP level 8. HP: 47/54 MP: 8/8
  4065 | D:5      | Noticed Ijyb
  4070 | D:5      | Killed Ijyb
  4561 | D:6      | Found a shimmering altar of Xom.
  4574 | D:6      | Reached skill level 10 in Bows
  4605 | D:6      | Found a white marble altar of Elyvilon.
  4605 | D:6      | Found a radiant altar of Vehumet.
  4605 | D:6      | Found a sparkling altar of Nemelex Xobeh.
  4635 | D:6      | Found a glowing silver altar of Zin.
  4635 | D:6      | Found a blossoming altar of Fedhas.
  4898 | D:6      | Found a staircase to the Ecumenical Temple.
  4906 | Temple   | Entered the Ecumenical Temple
  4946 | Temple   | Became a worshipper of Makhleb the Destroyer
  5177 | D:6      | Reached skill level 11 in Bows
  5499 | D:7      | Noticed Vidiiot's ghost (average LOAs)
  5521 | D:7      | Killed Vidiiot's ghost
  5521 | D:7      | Reached skill level 1 in Spellcasting
  5521 | D:7      | Reached skill level 1 in Invocations
  5560 | D:7      | Found a shimmering altar of Xom.
  5624 | D:7      | Noticed Menkaure
  5631 | D:7      | Killed Menkaure
  5631 | D:7      | Reached XP level 9. HP: 59/59 MP: 11/13
  6125 | D:7      | Acquired Makhleb's first power
  6580 | D:7      | Found an ancient bone altar of Kikubaaqudgha.
  6814 | D:8      | Reached skill level 1 in Stealth
  6904 | D:8      | Reached skill level 5 in Invocations
  6932 | D:8      | Noticed an oklob plant
  7210 | D:8      | Acquired Makhleb's second power
  7535 | D:8      | Noticed Pikel
  7569 | D:8      | Killed Pikel
  7957 | D:9      | Reached skill level 5 in Stealth
  7957 | D:9      | Gained mutation: You are slightly more attuned to the shadows. [demonic ancestry]
  7957 | D:9      | Reached XP level 10. HP: 51/65 MP: 21/21
  8229 | D:9      | Got a warped battleaxe
  8232 | D:9      | Identified the +4,+8 battleaxe "Plog" {flame, rF+ rC++} (You found it on level 9 of the Dungeon)
  9081 | D:9      | Acquired Makhleb's third power
  9112 | D:9      | Upgraded the game from 0.14-a0-3472-gf2e932f to 0.14-a0-3491-gb7ac591
  9413 | D:9      | Noticed a gargoyle
  9438 | D:9      | Killed a gargoyle
  9565 | D:9      | Reached skill level 12 in Bows
 10256 | D:9      | Reached skill level 5 in Dodging
 10456 | D:9      | Paralysed by a giant eyeball for 4 turns
 10531 | D:9      | Acquired Makhleb's fourth power
 10575 | D:9      | Gained mutation: You have very sharp fingernails. [demonic ancestry]
 10575 | D:9      | Reached XP level 11. HP: 70/70 MP: 22/22
 10748 | D:10     | Entered Level 10 of the Dungeon
 10764 | D:10     | Noticed Maurice
 11103 | D:10     | Noticed a hill giant
 11127 | D:10     | Killed a hill giant
 11127 | D:10     | Reached skill level 13 in Bows
 11200 | D:10     | Noticed a hill giant
 11223 | D:10     | Killed a hill giant
 11249 | D:10     | Noticed Psyche
 11262 | D:10     | Killed Psyche
 11305 | D:10     | Killed Maurice
 11462 | D:10     | Noticed Fannar
 11507 | D:10     | Noticed Gastronok
 11943 | D:10     | Noticed a hill giant
 11947 | D:10     | Noticed a hill giant
 11952 | D:10     | Killed a hill giant
 11962 | D:10     | Killed a hill giant
 12253 | D:11     | Killed an unseen horror
 12416 | D:11     | Found a white marble altar of Elyvilon.
 12584 | D:11     | Identified the Compendium of Companions
 12589 | D:11     | Learned a level 1 spell: Summon Butterflies
 12841 | D:12     | Reached skill level 10 in Invocations
 12904 | D:12     | Found a frozen archway.
 12959 | D:12     | Acquired Makhleb's fifth power
 12959 | D:12     | Reached skill level 14 in Bows
 12969 | IceCv    | Entered an ice cave
 13070 | D:12     | Upgraded the game from 0.14-a0-3491-gb7ac591 to 0.14-a0-3520-g290746a
 13224 | D:10     | Found a staircase to the Lair.
 13247 | Lair:1   | Entered Level 1 of the Lair of Beasts
 13301 | Lair:1   | Learned a level 1 spell: Shock
 13304 | Lair:1   | Learned a level 2 spell: Searing Ray
 14014 | Temple   | Paralysed by a potion of paralysis for 2 turns
 14069 | Temple   | Gained mutation: You are clumsy. (Dex -2) [potion of mutation]
 14069 | Temple   | Gained mutation: Your flesh is heat resistant. [potion of mutation]
 14069 | Temple   | Gained mutation: Your body is slowly deteriorating. [potion of mutation]
 14368 | D:10     | Found a staircase to the Orcish Mines.
 14743 | D:11     | Reached skill level 1 in Conjurations
 15115 | D:12     | Gained mutation: You have claws for hands. [demonic ancestry]
 15115 | D:12     | Reached XP level 12. HP: 76/76 MP: 26/26
 17086 | D:12     | Reached skill level 1 in Unarmed Combat
 17232 | D:13     | Noticed Josephine
 17287 | D:13     | Killed Josephine
 17287 | D:13     | Reached skill level 5 in Conjurations
 17404 | D:13     | Found Ytosanli's Weapon Boutique.
 17417 | D:13     | Bought a +2,+1 bow of velocity for 189 gold pieces
 17417 | D:13     | Bought 13 poisoned arrows for 72 gold pieces
 18331 | Lair:1   | Reached skill level 1 in Summonings
 18364 | Lair:1   | Gained mutation: Your muscles are strong. (Str +2) [potion of mutation]
 18364 | Lair:1   | Gained mutation: You are dopey. (Int -2) [potion of mutation]
 18364 | Lair:1   | Gained mutation: You are frail (-10% HP). [potion of mutation]
 18544 | Lair:1   | Paralysed by a potion of paralysis for 7 turns
 19921 | Lair:2   | Reached skill level 1 in Evocations
 20348 | Lair:3   | Noticed Erica
 20349 | Lair:3   | Noticed a blizzard demon
 20356 | Lair:3   | Engulfed by a blizzard demon's freezing vapour

Action                   |  1- 3 |  4- 6 |  7- 9 | 10-12 || total
-------------------------+-------+-------+-------+-------++-------
Melee: Short sword       |    54 |       |       |       ||    54
       Whip              |    50 |    63 |    75 |       ||   188
       Bow               |       |       |     3 |     1 ||     4
       Battleaxe         |       |       |       |   253 ||   253
       Unarmed           |       |       |       |    41 ||    41
 Fire: Bow               |    44 |   111 |   348 |  1035 ||  1538
 Cast: Searing Ray       |       |       |       |     7 ||     7
Invok: Minor Destruction |       |       |       |   148 ||   148
       Lesser Servant of |       |       |       |    24 ||    24
       Greater Servant o |       |       |       |     1 ||     1
Evoke: Wand              |       |       |     5 |     5 ||    10
       Deck              |       |       |       |     1 ||     1
  Use: Scroll            |       |     7 |     4 |    16 ||    27
       Potion            |       |       |     2 |    18 ||    20
 Stab: Sleeping          |       |       |       |     3 ||     3
       Distracted        |       |       |       |     2 ||     2
